 Dungeon Crawl Stone Soup version 0.20.1-1-g8b1a95d (webtiles) character file.

165 Gaplan the Chopper (level 5, 0/47 HPs)
             Began as a Minotaur Berserker on July 19, 2017.
             Was a Believer of Trog.
             Slain by a slave (4 damage)
             ... led by Pikel
             ... on level 4 of the Dungeon.
             The game lasted 00:06:38 (2730 turns).

Gaplan the Chopper (Minotaur Berserker)             Turns: 2730, Time: 00:06:39

Health: 0/47       AC:  9    Str: 24    XL:     5   Next: 21%
Magic:  4/4        EV:  9    Int:  4    God:    Trog [**....]
Gold:   141        SH:  0    Dex: 10    Spells: 4/4 levels left

rFire    + . .     SeeInvis .   a - +0 hand axe
rCold    + . .     Gourm    .   (no shield)
rNeg     + . .     Faith    .   g - +0 chain mail
rPois    .         Spirit   .   (helmet restricted)
rElec    .         Reflect  .   (no cloak)
rCorr    .         Harm     .   (no gloves)
MR       .....                  (no boots)
Stlth    ..........             (no amulet)
Regen    0.2/turn               e - ring of positive energy
MPRegen  0.1/turn               h - ring of protection from fire

@: berserk cooldown, slowed, very slow
A: retaliatory headbutt, horns 2, cold resistance 1, strong 1
a: Berserk, Trog's Hand, Burn Spellbooks, Renounce Religion


You were on level 4 of the Dungeon.
You worshipped Trog.
Trog was pleased with you.
You were hungry.

You visited 1 branch of the dungeon, and saw 4 of its levels.

You collected 141 gold pieces.

Inventory:

Hand Weapons
 a - a +0 hand axe (weapon)
Armour
 b - a +0 animal skin
 g - a +0 chain mail (worn)
Jewellery
 e - a ring of positive energy (left hand)
 h - a ring of protection from fire (right hand)
 m - an uncursed ring of poison resistance {unknown}
 s - an uncursed ring of protection from cold {unknown}
Scrolls
 d - 4 scrolls of identify {unknown}
 i - a scroll of recharging {unknown}
 j - 2 scrolls of teleportation {unknown}
 n - a scroll of magic mapping {unknown}
 o - 3 scrolls of enchant armour {unknown}
 q - 3 scrolls of remove curse {unknown}
Potions
 l - 4 potions of curing
 r - a potion of agility
 u - a potion of flight {unknown}
 v - a potion of might
Comestibles
 c - 2 bread rations
 f - 4 meat rations
 k - 3 royal jellies
 p - 3 chunks of flesh
 t - 7 fruits


   Skills:
 + Level 4.7 Fighting
 + Level 5.5 Axes
 + Level 2.9 Armour
 + Level 3.3 Dodging


You had 4 spell levels left.
You didn't know any spells.

Dungeon Overview and Level Annotations

Branches:
Dungeon (4/15)
 Temple: D:4-7

Altars:

Annotations:
D:4 Pikel


Innate Abilities, Weirdness & Mutations

You reflexively headbutt those who attack you in melee.
You have a pair of horns on your head.
Your flesh is cold resistant. (rC+)
Your muscles are strong. (Str +2)


Message History

The slave hits you! x2; The slave hits you.
Pikel waves his whip at you. Pikel closely misses you. You furiously retaliate!
You headbutt Pikel. The slave hits you but does no damage. The hound bites you.
The slave hits you but does no damage.
You hit Pikel.
Pikel is almost dead.
You closely miss the slave. You hit the slave but do no damage.
You closely miss the hound. You miss the slave. You barely miss the slave.
The hound bites you but does no damage. The slave misses you.
The slave hits you. Pikel hits you with a whip of freezing. The slave hits you!
* * * LOW HITPOINT WARNING * * *
The slave hits you.
* * * LOW HITPOINT WARNING * * *
The hound closely misses you. You furiously retaliate!
You headbutt the hound, but do no damage.
The slave hits you.
* * * LOW HITPOINT WARNING * * *
The slave hits you.
You die...

...# .....#
.....# .....# .
.....# ..
######.....#
...####.........#
..........pKp...#
.........wp@p...#
.......<..h<....#
................#
...########....##
.. #....# #......
#...... ...#####


You could see Pikel, 4 slaves, a worm and a hound.

Vanquished Creatures
  Terence (D:2)
  A worker ant (D:3)
  3 adders
  4 worms
  4 dart slugs
  2 leopard geckos
  2 orcs (D:3)
  8 giant cockroaches
  6 goblins
  3 hobgoblins
  3 quokkas
  4 bats
  5 frilled lizards
  14 kobolds
  12 rats
72 creatures vanquished.

Notes
Turn   | Place    | Note
-------+----------+-------------------------------------------
     0 | D:1      | Gaplan the Minotaur Berserker began the quest for the Orb.
     0 | D:1      | Reached XP level 1. HP: 19/19 MP: 0/0
   255 | D:1      | Reached XP level 2. HP: 26/27 MP: 1/1
   755 | D:1      | Reached skill level 4 in Axes
  1321 | D:2      | Noticed Terence
  1327 | D:2      | Killed Terence
  1327 | D:2      | Reached XP level 3. HP: 31/34 MP: 2/2
  1416 | D:2      | Reached ** piety under Trog
  1416 | D:2      | Reached XP level 4. HP: 36/41 MP: 3/3
  1698 | D:2      | Reached skill level 5 in Axes
  1988 | D:3      | Gained mutation: Your muscles are strong. (Str +2) [potion of mutation]
  1988 | D:3      | Gained mutation: Your flesh is cold resistant. (rC+) [potion of mutation]
  2243 | D:3      | Reached XP level 5. HP: 29/47 MP: 4/4
  2720 | D:4      | Noticed Pikel
  2720 | D:4      | Noticed a slave
  2720 | D:4      | Noticed a slave
  2720 | D:4      | Noticed a slave
  2721 | D:4      | Noticed a slave
  2730 | D:4      | Slain by a slave

Skill      XL: |  1  2  3  4 |
---------------+-------------+-----
Fighting       | 4 |  4.7
Axes           | 4 5 |  5.5
Dodging        | 3 |  3.3
Armour         | |  2.9

Action                   |  1- 3 |  4- 6 || total
-------------------------+-------+-------++-------
Melee: Hand axe          |    51 |    87 ||   138
       Headbutt          |     6 |    13 ||    19
Invok: Berserk           |     1 |     1 ||     2
  Use: Potion            |       |     7 ||     7
  Eat: Chunk             |     1 |     1 ||     2
       Meat ration       |       |     1 ||     1
Armor: Animal skin       |     7 |       ||     7
       Chain mail        |     1 |    53 ||    54
Dodge: Dodged            |    30 |    62 ||    92
